 Dungeon Crawl Stone Soup version 0.27.1-2-g3b301248ec (webtiles) character file.

Game seed: 6643873917000637491

9632 Descartes the Nimble (level 11, -2/54 HPs)
             Began as a Deep Elf Wanderer on Sept 26, 2021.
             Was a Believer of Vehumet.
             Slain by an unseen horror (4 damage)
             ... on level 11 of the Dungeon.
             The game lasted 00:41:53 (16180 turns).

Descartes the Nimble (Deep Elf Wanderer)           Turns: 16180, Time: 00:41:53

Health: -2/54      AC: 23    Str: 18    XL:     11   Next: 25%
Magic:  24/24      EV: 15    Int: 19    God:    Vehumet [**....]
Gold:   561        SH:  5    Dex: 14    Spells: 12/25 levels left

rFire    + + .     SeeInvis .   C - +9 whip of the Desert {venom, rPois Str+7 Stlth-}
rCold    + + .     Faith    .   (no shield)
rNeg     . . .     Spirit   .   w - +9 chain mail of the Other World {rF+ rC+ rCorr}
rPois    +         Reflect  +   (no helmet)
rElec    +         Harm     .   A - +0 cloak
rCorr    +         Rampage  +   O - +0 pair of gloves
Will     +....                  Q - +1 pair of boots {rampage}
Stlth    ..........             m - amulet of reflection
HPRegen  0.18/turn              e - ring of wizardry
MPRegen  0.19/turn              D - +4 ring of evasion

@: resistant, very slightly contaminated
A: iridescent scales 1, no potion heal 1
a: Renounce Religion


You were on level 11 of the Dungeon.
You worshipped Vehumet.
Vehumet was pleased with you.
You visited 2 branches of the dungeon, and saw 12 of its levels.
You visited the Abyss 1 time.
You also visited: Sewer.

You collected 561 gold pieces.

Inventory:

Hand Weapons
 a - a +0 dagger
 y - a +0 hand crossbow
 C - the +9 whip of the Desert (weapon) {venom, rPois Str+7 Stlth-}
   (You found it on level 4 of the Dungeon)

   It poisons the flesh of those it strikes.
   Str:       It affects your strength (+7).
   rPois:     It protects you from poison.
   Stlth:     It makes you less stealthy.
 F - a +0 shortbow
 P - a +2 rapier of flaming
Missiles
 f - 8 atropa-tipped darts
 g - 5 boomerangs
 h - 306 stones
 k - 19 javelins
 o - 109 arrows
 p - a curare-tipped dart
 r - 69 poisoned darts
 z - 157 bolts
 G - 5 throwing nets (quivered)
Armour
 w - the +9 chain mail of the Other World (worn) {rF+ rC+ rCorr}
   (You found it in a sewer)

   rF:        It protects you from fire.
   rC:        It protects you from cold.
   rCorr:     It protects you from acid and corrosion.
 A - a +0 cloak (worn)
 N - a +0 kite shield
 O - a +0 pair of gloves (worn)
 Q - a +1 pair of boots of rampaging (worn)
Jewellery
 e - a ring of wizardry (left hand)
 m - an amulet of reflection (around neck)
 D - a +4 ring of evasion (right hand)
 H - a ring of protection from fire
Wands
 b - a wand of iceblast (4)
 K - a wand of mindburst (28)
Scrolls
 c - 6 scrolls of teleportation
 j - 2 scrolls of enchant weapon
 n - a scroll of identify
 q - a scroll of noise {unknown}
 t - 3 scrolls of immolation
 B - 3 scrolls of vulnerability
 I - a scroll of holy word {unknown}
 J - 2 scrolls of enchant armour
 L - a scroll of amnesia {unknown}
 M - 2 scrolls of fear
Potions
 d - 3 potions of brilliance
 i - a potion of flight {unknown}
 l - a potion of resistance
 u - 2 potions of mutation
 v - a potion of haste
 x - a potion of magic
 E - a potion of attraction


   Skills:
 + Level 11.1 Dodging
 - Level 5.0 Stealth
 + Level 2.9 Shields
 + Level 7.5 Spellcasting
 + Level 6.6 Conjurations
 - Level 1.1 Summonings
 - Level 5.0 Translocations
 - Level 5.0 Transmutations
 + Level 6.7 Fire Magic
 - Level 2.1 Ice Magic
 + Level 6.6 Earth Magic
 - Level 5.0 Poison Magic


You had 12 spell levels left.
You knew the following spells:

 Your Spells              Type           Power      Damage    Failure   Level
a - Foxfire               Conj/Fire      100%       2x1d9     4%          1
b - Magic Dart            Conj           100%       1d8       4%          1
c - Sting                 Tmut/Pois      100%       1d8       9%          1
d - Ignite Poison         Fire/Tmut/Pois 28%        N/A       19%         3
e - Blink                 Tloc           N/A        N/A       12%         2
f - Bolt of Magma         Conj/Fire/Erth 16%        4d9       69%         5

Your spell library contained the following spells:

 Spells                   Type           Power      Damage    Failure   Level
 Frozen Ramparts          Ice            30%        1d5       56%         3
 Conjure Flame            Conj/Fire      32%        6-21      12%         3
 Shock                    Conj/Air       76%        1d7       16%         1
 Mephitic Cloud           Conj/Pois/Air  21%        N/A       34%         3
 Inner Flame              Hex/Fire       19%        N/A       41%         3
 Call Imp                 Summ           11%        N/A       50%         2
 Ozocubu's Armour         Ice            15%        N/A       56%         3
 Slow                     Hex            7%         N/A       65%         2
 Hailstorm                Conj/Ice       24%        3d7       65%         4
 Fireball                 Conj/Fire      16%        3d8       69%         5
 Iskenderun's Battlesphe  Conj           32%        2d8       69%         5
 Ice Form                 Ice/Tmut       20%        N/A       77%         4
 Leda's Liquefaction      Hex/Erth       9%         N/A       80%         4
 Swiftness                Air            7%         N/A       86%         3
 Alistair's Intoxication  Tmut/Pois      17%        N/A       89%         5
 Borgnjor's Vile Clutch   Necr/Erth      9%         N/A       98%         5
 Airstrike                Air            3%         N/A       99%         4
 Cause Fear               Hex            3%         N/A       99%         4
 Conjure Ball Lightning   Conj/Air       9%         3x3d6     100%        6
 Eringya's Noxious Bog    Tmut/Pois      13%        N/A       100%        6
 Simulacrum               Ice/Necr       5%         N/A       100%        6
 Statue Form              Tmut/Erth      19%        N/A       100%        6
 Dragon Form              Tmut           13%        N/A       100%        7
 Orb of Destruction       Conj           16%        9d7       100%        7
 Ozocubu's Refrigeration  Ice            7%         4d6       100%        7
 Dragon's Call            Summ           5%         N/A       100%        9


Dungeon Overview and Level Annotations

Branches:
Dungeon (11/15)            Temple (1/1) D:6             Orc (0/2) D:10
  Sewer (visited)
   Lair: D:8-11

Altars:
Ashenzari
Cheibriados
Dithmenos
Elyvilon
Fedhas
Gozag
Hepliaklqana
Kikubaaqudgha
Makhleb
Nemelex Xobeh
Okawaru
Qazlal
Ru
Sif Muna
Trog
Uskayaw
Vehumet
Wu Jian
Xom
Yredelemnul
Zin
The Shining One

Shops:
D:6 (   D:7 [

Portals:
Trove: D:10 (give +3 ice dragon scales)

Annotations:
D:3 3 runed translucent doors, Doot's ghost, amateur TeAE


Innate Abilities, Weirdness & Mutations

You are partially covered in iridescent scales. (AC +2)
Potions are less effective at restoring your health.


Message History

The five-headed hydra bites you but does no damage. x2
The five-headed hydra bites you.
* * * LOW HITPOINT WARNING * * *
You feel protected. Something hits you but does no damage.
The wyvern barely misses you.
The wyvern bites you but does no damage.
The five-headed hydra misses you. x2
The five-headed hydra barely misses you. x2
The five-headed hydra bites you.
* * * LOW HITPOINT WARNING * * *
You rampage towards the electric eel!
You flicker for a moment.
Something barely misses you.
Something hits you but does no damage. x2
Something hits you but does no damage.
You closely miss something. You block something's attack.
Something hits you but does no damage. x2
The electric eel shoots out a bolt of lightning at the wyvern!
The bolt of electricity hits the wyvern!
The wyvern dies!
Something hits you but does no damage.
You flicker back into view.
Something barely misses you. Something hits you but does no damage.
Something hits you but does no damage.
The electric eel shoots out a bolt of lightning at you!
The bolt of electricity hits you but does no damage.
Something hits you but does no damage.
The electric eel shoots out a bolt of lightning at you!
The bolt of electricity hits you but does no damage.
You resist. Something hits you but does no damage.
Something hits you but does no damage. Something hits you.
* * * LOW HITPOINT WARNING * * *
Something barely misses you. Something barely misses you.
Something hits you but does no damage. Something hits you but does no damage.
Something hits you.
You die...

..............;≈≈≈≈≈≈≈
........##....≈≈≈≈≈≈≈≈
##......##....≈≈≈≈≈≈≈≈
######.##......≈≈≈≈≈≈
#.....#####..≈≈≈≈≈≈≈ .
#.##÷.# #≈≈≈≈≈≈ ..
#.#÷÷.# #..≈≈
#.###.#...# .#≈
.....#@..# #.##..#...#
#.........#
#.####.######..
#.............####
######.#########.#######
#.# #........ #.#
#.####### #.# #.#......


There were no monsters in sight!

Vanquished Creatures
  Erolcha (D:9)
  A two-headed ogre (D:10)
  Pikel (D:6)
  Maggie (D:7)
  A kobold demonologist (D:9)
  Prince Ribbit (D:7)
  3 hornets
  A troll (D:10)
  Sigmund (D:2)
  6 wyverns
  4 yaks (D:11)
  2 shadows
  A steam dragon (D:8)
  Edmund (D:5)
  5 water moccasins
  3 orc warriors
  A sky beast (D:7)
  4 ogres
  4 centaurs
  2 lemures (D:6)
  2 phantoms
  5 kobold brigands
  6 scorpions
  A gnoll sergeant (D:8)
  9 killer bees
  4 howler monkeys (D:7)
  A bullfrog zombie (D:6)
  A centaur skeleton (D:7)
  A gnoll shaman (D:7)
  4 orc priests
  A bullfrog skeleton (D:6)
  2 hounds
  A jelly (D:7)
  5 orc wizards
  A killer bee zombie (D:6)
  A hound skeleton (D:5)
  A howler monkey zombie (D:7)
  11 adders
  15 gnolls
  7 river rats
  A shadow imp (D:6)
  A white imp (D:6)
  5 worms
  3 dart slugs
  19 orcs
  8 bats
  7 endoplasms
  3 giant cockroaches
  13 goblins
  9 hobgoblins
  3 quokkas
  9 ball pythons
  4 frilled lizards
  39 kobolds
  25 rats
272 creatures vanquished.

Vanquished Creatures (collateral kills)
  A foxfire (D:1)
1 creature vanquished.

Vanquished Creatures (others)
  A wyvern (D:11)
  A kobold brigand (D:10)
  1383 foxfires
  21 fungi
  14 plants
1420 creatures vanquished.

Grand Total: 1693 creatures vanquished

Notes
Turn   | Place    | Note
-------+----------+-------------------------------------------
     0 | D:1      | Descartes the Deep Elf Wanderer began the quest for the
                  | Orb.
     0 | D:1      | Descartes set off with the following items: a +0 dagger, a
                  | +0 robe, a scroll of teleportation; and the following
                  | spells available to memorise: Foxfire, Magic Dart, Call
                  | Imp, Blink, Slow, Conjure Flame, Ignite Poison, Mephitic
                  | Cloud
     0 | D:1      | Reached XP level 1. HP: 10/10 MP: 7/7
     2 | D:1      | Learned a level 1 spell: Foxfire
     4 | D:1      | Learned a level 1 spell: Magic Dart
   341 | D:1      | Found a faded altar of an unknown god.
   349 | D:1      | Got Plato's Grimoire of Intoxication
   352 | D:1      | Learned a level 1 spell: Sting
   358 | D:1      | Reached XP level 2. HP: 15/15 MP: 4/9
   962 | D:1      | Reached skill level 1 in Dodging
  1233 | D:2      | Reached skill level 1 in Conjurations
  1398 | D:2      | Reached XP level 3. HP: 19/19 MP: 6/11
  1551 | D:2      | Learned a level 3 spell: Ignite Poison
  1920 | D:2      | Reached skill level 1 in Poison Magic
  2033 | D:2      | Noticed Sigmund
  2065 | D:2      | Killed Sigmund
  2066 | D:2      | Reached skill level 2 in Dodging
  2066 | D:2      | Reached skill level 5 in Spellcasting
  2066 | D:2      | Reached skill level 1 in Translocations
  2066 | D:2      | Reached skill level 1 in Transmutations
  2066 | D:2      | Reached skill level 1 in Earth Magic
  2066 | D:2      | Reached XP level 4. HP: 12/24 MP: 7/13
  2066 | D:2      | Reached XP level 5. HP: 14/28 MP: 7/14
  2618 | D:3      | Reached XP level 6. HP: 32/32 MP: 5/15
  2750 | D:3      | Found a runed translucent gate.
  2750 | D:3      | Found a runed translucent gate.
  2750 | D:3      | Noticed Doot's ghost (amateur TeAE)
  2751 | D:3      | Found a runed translucent gate.
  2980 | D:3      | Found a glowing drain.
  2987 | Sewer    | Entered a sewer
  3966 | Sewer    | Identified the +9 chain mail of the Other World {rF+ rC+
                  | rCorr}
  4157 | Sewer    | Reached skill level 3 in Dodging
  4157 | Sewer    | Reached XP level 7. HP: 35/36 MP: 8/16
  4851 | D:4      | Identified the +9 whip of the Desert {venom, rPois Str+7
                  | Stlth-}
  5460 | D:4      | Learned a level 2 spell: Blink
  5466 | D:4      | Learned a level 5 spell: Bolt of Magma
  5906 | D:5      | Entered Level 5 of the Dungeon
  6199 | D:5      | Noticed Edmund
  6220 | D:5      | Killed Edmund
  6221 | D:5      | Reached skill level 5 in Stealth
  6221 | D:5      | Reached XP level 8. HP: 22/41 MP: 6/17
  7172 | D:4      | Reached skill level 4 in Dodging
  7175 | D:4      | Gained mutation: You are partially covered in iridescent
                  | scales. (AC +2) [potion of mutation]
  9151 | D:6      | Found a staircase to the Ecumenical Temple.
  9158 | Temple   | Entered the Ecumenical Temple
  9435 | Temple   | Became a worshipper of Vehumet
  9537 | D:6      | Found Gycate's Weapon Shop.
  9895 | D:6      | Reached skill level 5 in Dodging
  9895 | D:6      | Reached skill level 5 in Fire Magic
 10301 | D:7      | Noticed Maggie
 10319 | D:7      | Killed Maggie
 10320 | D:7      | Reached XP level 9. HP: 26/45 MP: 9/18
 10587 | D:7      | Noticed Prince Ribbit
 10589 | D:7      | Reached skill level 5 in Conjurations
 10589 | D:7      | Found a shadowy altar of Dithmenos.
 10602 | D:7      | Killed Prince Ribbit
 10603 | D:7      | Reached skill level 5 in Translocations
 10603 | D:7      | Reached skill level 5 in Transmutations
 10603 | D:7      | Reached skill level 5 in Earth Magic
 10603 | D:7      | Reached skill level 5 in Poison Magic
 10610 | D:7      | Noticed Pikel
 10947 | D:7      | Found Gaellaps's Antique Armour Shoppe.
 11099 | D:6      | Reached skill level 6 in Dodging
 11112 | D:6      | Killed Pikel
 11113 | D:6      | Reached skill level 8 in Dodging
 11821 | D:7      | Reached skill level 9 in Dodging
 12211 | D:8      | Reached XP level 10. HP: 50/50 MP: 17/19
 12352 | D:8      | Reached * piety under Vehumet
 12352 | D:8      | Offered knowledge of Sandblast by Vehumet.
 12367 | D:8      | Reached skill level 10 in Dodging
 12719 | D:8      | Identified the +3 ring mail of Indemnity {rElec Will+ Int+4
                  | Dex+3}
 13250 | D:9      | Identified the +8 trident "Bysoozx Feocw" {vorpal, Stlth+}
 13586 | D:9      | Reached skill level 1 in Shields
 13915 | D:9      | Noticed Erolcha
 13957 | D:9      | Cast into level 2 of the Abyss (Erolcha)
 13982 | Abyss:2  | Found a shadowy altar of Dithmenos.
 13986 | D:9      | Escaped the Abyss
 13998 | D:9      | Killed Erolcha
 14202 | D:9      | Gained mutation: Potions are less effective at restoring
                  | your health. [a neqoxec]
 14313 | D:9      | Reached ** piety under Vehumet
 14313 | D:9      | Offered knowledge of Static Discharge by Vehumet.
 14498 | D:10     | Entered Level 10 of the Dungeon
 14502 | D:10     | Identified the +1 robe of Buasueh {Int+6}
 14529 | D:10     | Noticed a two-headed ogre
 14564 | D:10     | Killed a two-headed ogre
 15303 | D:10     | Found a portal to a secret trove of treasure.
 15438 | D:10     | Found a staircase to the Orcish Mines.
 15458 | D:10     | Reached XP level 11. HP: 54/54 MP: 20/23
 15733 | D:10     | Reached skill level 11 in Dodging
 16050 | D:11     | Offered knowledge of Frozen Ramparts by Vehumet.
 16128 | D:11     | Noticed a five-headed hydra
 16175 | D:11     | HP: 1/54 [something (5)]
 16180 | D:11     | Slain by an unseen horror

Illustrated notes

Levels and vault maps discovered:
D:1:      dpeg_arrival_round_a, layout_rooms,
          shapermc_ecumenical_altar_rom_forum, minmay_tetromino_t2
D:2:      layout_loops_ring, minmay_goblin_outpost, uniq_sigmund
D:3:      layout_basic, gup_sewer_entry_bubbles, gammafunk_ghost_nasty_kobolds
D:4:      layout_rooms, serial_aquarium, aquarium_bridge_long_separate
          [aquarium_subvault_window, aquarium_subvault_bridge,
          aquarium_subvault_window, aquarium_subvault_bridge,
          aquarium_subvault_balcony, aquarium_subvault_wall],
          aquarium_window_corridor_2, aquarium_window_double,
          aquarium_window_corner, aquarium_view_2b, aquarium_view_2f
D:5:      layout_loops_ring, minmay_misc_feat_diagonals, uniq_edmund
D:6:      layout_basic, temple_green, serial_shops, nicolae_take_the_stairs
D:7:      layout_basic, grunt_dithmenos_shadows, serial_shops,
          nicolae_shop_crystal, uniq_prince_ribbit1, uniq_maggie, uniq_pikel
D:8:      layout_rooms
D:9:      layout_irregular_city, uniq_erolcha
D:10:     layout_roguey, orc_0_dummy, nicolae_trove_entry_isolated
D:11:     kennysheep_ambush_hall, layout_basic, minmay_lair_entry_grove,
          serial_shops, shop, kennysheep_potato
Temple:   nicolae_temple_the_god_donut

Skill      XL: |  1  2  3  4  5  6  7  8  9 10 11 |
---------------+----------------------------------+-----
Dodging        | 1 2 3 5 9 10 11 | 11.1
Conjurations   | 1 2 3 4 5 6 |  6.6
Stealth        | 3 4 5 |  5.0
Poison Magic   | 1 2 3 4 5 |  5.0
Spellcasting   | 5 7 |  7.5
Translocations | 1 2 4 5 |  5.0
Transmutations | 1 2 3 4 5 |  5.0
Fire Magic     | 3 4 5 6 |  6.7
Earth Magic    | 1 2 3 4 5 6 |  6.6
Shields        | 2 |  2.9
Summonings     | |  1.1
Ice Magic      | |  2.1

Action                   |  1- 3 |  4- 6 |  7- 9 | 10-12 || total
-------------------------+-------+-------+-------+-------++-------
Melee: Dagger            |       |     6 |       |       ||     6
       Whip              |       |       |    80 |   101 ||   181
Throw: Throwing net      |       |       |       |     1 ||     1
 Cast: Foxfire           |   126 |   170 |   275 |   232 ||   803
       Sting             |       |     4 |    26 |       ||    30
       Magic Dart        |       |       |     1 |       ||     1
Evoke: Wand              |       |       |       |     4 ||     4
  Use: Scroll            |       |     2 |     1 |    10 ||    13
       Potion            |       |       |     5 |    11 ||    16
Armor: Robe              |     2 |     8 |     3 |       ||    13
       Chain mail        |       |       |    95 |   192 ||   287
Dodge: Dodged            |     4 |    26 |   128 |   232 ||   390
Block: Other             |       |     5 |    56 |    50 ||   111
       Reflection        |       |       |     1 |     3 ||     4
